 Dungeon Crawl Stone Soup version 0.30-a0-567-gf7fd966b4a (webtiles) character file.

Game seed: 5308151468682945759

177 tilp the Trooper (level 6, -7/52 HPs)
             Began as a Meteoran Fighter on Dec 28, 2022.
             Mangled by a mummy (14 damage)
             ... in an ossuary.
             The game lasted 00:04:00 (575 turns).

tilp the Trooper (Meteoran Fighter)                  Turns: 575, Time: 00:04:01

Health: -7/52      AC:  9    Str: 18    XL:     6   Next: 13%
Magic:  7/7        EV:  8    Int: 10    God:
Gold:   76         SH:  5    Dex: 15    Spells: 5/5 levels left

rFire   . . .      SeeInvis .    a - +0 long sword
rCold   . . .      Faith    .    c - +0 buckler
rNeg    . . .      Spirit   .    j - +0 chain mail
rPois   .          Reflect  .    (no helmet)
rElec   .          Harm     .    (no cloak)
rCorr   .          Rampage  .    (no gloves)
Will    .....                    (no boots) Stlth
                                 (no amulet)
HPRegen 0.28/turn                (no ring)
MPRegen 0.10/turn                (no ring)

@: glowing
A: sense surroundings 1, otherworldly, glowing, explore regen
a: no special abilities


You were in an ossuary.
You visited 1 branch of the dungeon, and saw 5 of its levels.
You also visited: Ossuary.

You collected 76 gold pieces.

Inventory:

Hand Weapons
 a - a +0 long sword (weapon)
Missiles
 i - 3 poisoned darts (quivered)
Armour
 b - a +0 scale mail
 c - a +0 buckler (worn)
 j - a +0 chain mail (worn)
Scrolls
 e - 5 scrolls of identify
 g - a scroll of fear {unknown}
 m - a scroll of amnesia {unknown}
Potions
 d - a potion of might
 f - 4 potions of mutation
 h - a potion of curing {unknown}
 k - 2 potions of cancellation
 l - a potion of brilliance {unknown}


   Skills:
 + Level 4.1 Fighting
 + Level 3.5 Long Blades
 - Level 4.0 Armour
 * Level 3.5 Dodging
 + Level 1.4 Stealth
 - Level 4.0 Shields


You had 5 spell levels left.
You didn't know any spells.
Your spell library was empty.

Dungeon Overview and Level Annotations

Branches:
Dungeon (5/15) Zot: 2533  Ossuary (1/1) Zot: 449
 Temple: D:4-7

Altars:


Innate Abilities, Weirdness & Mutations

You passively map a small area around you.
You are easily found by Zot.
You glow in the dark.
You regain HP and MP as you explore.


Message History

g - a scroll labelled RECIUCV KYTY
f - 4 potions of mutation (gained 2)
h - a murky cyan potion
l - a cyan potion
m - a scroll labelled ZICKOEL AXZY The sentinel's mark upon you fades away.
You open the door.
There is an open door here.
You open the door.
There is an open door here.
A mummy comes into view.
Found 2 scrolls of noise.
Found 2 scrolls of noise and 4 potions of degeneration.
Found 3 scrolls of noise.
The mummy hits you.
You hit the mummy but do no damage. You hit the mummy but do no damage.
The mummy closely misses you.
You slash the mummy!
The mummy is heavily damaged.
The mummy hits you!
* * * LOW HITPOINT WARNING * * *
You hit the mummy but do no damage.
The mummy is heavily damaged.
The mummy barely misses you.
You closely miss the mummy.
The mummy is heavily damaged.
The mummy hits you but does no damage.
You hit the mummy.
The mummy is severely damaged.
You hit the mummy but do no damage.
The mummy is severely damaged.
The mummy barely misses you.
You barely miss the mummy.
The mummy is severely damaged.
The mummy hits you!
* * * LOW HITPOINT WARNING * * *
You hit the mummy.
The mummy is almost destroyed.
The mummy hits you!
You die...

### ###.### *###
##....!## ### ?!?
#......?# #!. ??.
####.#### #.. #.#
#.# ##. **#.#
###'### #. +M##
##.....## ##.
#@.###.......###..
+.^.#.........#...
#...'....⌠....'...
*
+...#.........#^.?
*#..###.......###..
* +^## ##..^..##
##. **#.# ###'###
#. #.#* #.# *#^
*!??* ##.## ?.


You could see a mummy.

Vanquished Creatures
  2 hounds (D:5)
  A human zombie (Ossuary)
  3 mummies (Ossuary)
  3 adders
  An ufetubus (D:5)
  A worm (D:3)
  An orc (D:2)
  An endoplasm (D:3)
  A gnoll zombie (Ossuary)
  A hobgoblin (D:3)
  2 quokkas
  A ball python (D:1)
  A bat (D:1)
  A kobold (D:3)
  2 orc zombies (Ossuary)
  2 rats (D:3)
24 creatures vanquished.

Notes
Turn   | Place    | Note
-------+----------+-------------------------------------------
     0 | D:1      | tilp the Meteoran Fighter began the quest for the Orb.
     0 | D:1      | Reached XP level 1. HP: 19/19 MP: 2/2
    47 | D:1      | You fall into a shaft and drop 1 floor!
    70 | D:3      | Reached XP level 2. HP: 26/26 MP: 3/3
    85 | D:3      | Reached skill level 1 in Dodging
   208 | D:3      | Reached XP level 3. HP: 11/31 MP: 4/4
   339 | D:4      | Reached XP level 4. HP: 39/39 MP: 5/5
   340 | D:5      | Entered Level 5 of the Dungeon
   423 | D:5      | Reached skill level 1 in Stealth
   423 | D:5      | Reached XP level 5. HP: 43/46 MP: 6/6
   433 | D:5      | Found a sand-covered staircase.
   439 | Ossuary  | Entered an ossuary
   526 | Ossuary  | Reached XP level 6. HP: 41/52 MP: 7/7
   575 | Ossuary  | Mangled by a mummy

Illustrated notes

Levels and vault maps discovered:
D:1:      amcnicky_arrival_blooded_trapdoor, layout_basic,
          ebering_ecumenical_altar_webs, minmay_statues_item
D:2:      layout_basic, basic_altar, nicolae_figureground_sparkle
D:3:      layout_rooms, nicolae_overflow_squiral, led_xom_imps,
          nicolae_elevator_lobby_plus, uniq_ijyb
D:4:      layout_basic, nicolae_ashenzari_skybound, kennysheep_orc_chapel
D:5:      layout_basic, lightli_temple_of_fire, minmay_temple_entry_junction_2,
          enter_ossuary_1, uniq_crazy_yiuf_cottage
Ossuary:  ossuary_crypta

Skill      XL: |  1  2  3  4  5 |
---------------+----------------+-----
Dodging        | 1 2 3 |  3.5
Armour         | 4 |  4.0
Long Blades    | 3 |  3.5
Shields        | 4 |  4.0
Stealth        | 1 |  1.4
Fighting       | 4 |  4.1

Action                   |  1- 3 |  4- 6 || total
-------------------------+-------+-------++-------
Melee: Long sword        |    63 |    74 ||   137
  Use: Scroll            |       |     5 ||     5
Armor: Scale mail        |    49 |       ||    49
       Chain mail        |     2 |    32 ||    34
Dodge: Dodged            |    31 |    26 ||    57
Block: Buckler           |    22 |    11 ||    33

Table legend: (Time is in decaauts)
 A = Elapsed time spent in this place.
 B = Non-inter-level travel time spent in this place.
 C = Inter-level travel time spent in this place.
 D = Time resting spent in this place.
 E = Time spent auto-exploring this place.
 F = Levels seen in this place.
 G = Mean time per level.
                   A        B        C        D        E       F      G
               +--------+--------+--------+--------+--------+-----+--------+
         Total |    615 |    595 |     20 |      0 |      0 |   6 |  102.5 |
       Dungeon |    466 |    446 |     20 |      0 |      0 |   5 |   93.2 |
       Ossuary |    149 |    149 |      0 |      0 |      0 |   1 |  149.0 |
               +--------+--------+--------+--------+--------+-----+--------+

Top non-repeatable levels by time:
     D:3: 204 daAuts
 Ossuary: 149 daAuts
     D:5: 105 daAuts
     D:4: 57 daAuts
     D:2: 49 daAuts
     D:1: 49 daAuts
